← All builds
Tech / Armada / Economy first / OBSERVED BUILD

Standard tech

Rushes T2 factory and Advanced Metal Extractors while supplying T2 constructors to teammates, then transitions into anti-nuke and support units later.

Usually first T2 con to Geo (85%)

#t2 #eco #team support · 762 distinct matches · 108 players · 59% of Armada Tech games · team won 53% of 882 · Recently observed

HOW TO PLAY IT

Key timing: T2 lab by 4:15

  1. Take 3 mex, then wind and a Bot Lab to open eco fast.
  2. Push T2 lab out, aim to pass T2 to air player.
  3. Get first T2 constructor building, prioritize mex upgrades over eco.
  4. Finish Advanced Metal Extractor, keep upgrading team's mex.
  5. Add fus and anti-nuke, keep feeding T2 cons and Umbrella/Citadel to team.

Phase by phase

TYPICAL OF ITS 762 GAMES
  1. 1
  2. 2
  3. 3
  4. 4
PLAY THE OPENING

Follow the example game's first 6:00 step by step: what to build now, what comes next, and where it goes. At 1× it keeps pace with your own game.

  1. 1

    Up to the Bot Lab

    Economy
    • Metal Extractor3Mex
    • Wind Turbine4Wind
    Order
    1. Bot LabBot Lab after 3 mex, 4 winddone ~1:17, middle half 1:13–1:32

    By 1:01 in all: 3 mex · 4 wind

    The example game in this phase · 3 steps
    1. Mex ×3
    2. Wind ×3
    3. Bot LabBot Labdone 1:09 · typical 1:17
  2. 2

    Bot Lab to Advanced Bot Lab

    Economy
    • Metal Extractor1Mex
    • Wind Turbine8Wind
    • Energy Storage1Energy storage
    Order
    1. Advanced Bot LabAdvanced Bot Lab after 4 mex, 12 wind, 3 con turretdone ~4:15, middle half 4:04–4:27
    Builders
    • Construction Turret3 Con turret
    • Lazarus3 Lazarus
    • Construction Bot2 Con bot
    • Construction Bot1 Con bot for allies

    Some games also: converter (36%)

    By 3:19 in all: 4 mex · 12 wind · 1 energy storage · 3 con turret

    The example game in this phase · 20 steps
    1. Wind
    2. Construction BotCon bot ×2for Beach sea
    3. Wind ×3
    4. Mex
    5. LazarusLazarus
    6. Wind ×2
    7. LazarusLazarus
    8. Wind
    9. Construction BotCon botfor Pond
    10. LazarusLazarus
    11. Wind
    12. Energy storage
    13. TickTick
    14. PawnPawn
    15. Mexfor Pond
    16. Wind
    17. Con turret
    18. Wind
    19. Con turret ×2
    20. Advanced Bot LabAdvanced Bot Labdone 4:26 · typical 4:15
  3. 3

    Advanced Bot Lab to 5:00

    Economy
    • Wind Turbine2Wind
    Builders
    • Advanced Construction Bot1 T2 con bot for allies

    Some games also: converter (36%)

    By 5:00 in all: 4 mex · 15 wind · 2 converter · 1 energy storage · 3 con turret

    The example game in this phase · 4 steps
    1. Converter ×3
    2. Advanced Construction BotT2 con botfor Geo
    3. Advanced Metal ExtractorT2 mexdone 6:11 · typical 5:29
    4. FatboyFatboyfor Ponddone 5:55
  4. 4

    5:00 to 10:00

    Economy
    • Wind Turbine44Wind
    • Energy Converter6Converter
    Builders
    • Butler8 Butler
    • Advanced Construction Bot4 T2 con bot for allies
    • Advanced Construction Bot1 T2 con bot

    Some games also: con turret (47%) · Butler for allies (38%)

    By 10:00 in all: 4 mex · 59 wind · 8 converter · 1 energy storage · 3 con turret

    The example game in this phase · 110 steps
    1. Solar
    2. Advanced Construction BotT2 con botfor Pond
    3. Advanced Metal ExtractorT2 mex
    4. Advanced Construction BotT2 con botfor Pond
    5. Wind ×2
    6. Solar
    7. Wind
    8. Advanced Metal ExtractorT2 mex
    9. ButlerButlerfor Pond
    10. Wind
    11. Advanced Metal ExtractorT2 mex
    12. Wind ×2
    13. Advanced Construction BotT2 con botfor Beach sea
    14. Wind ×3
    15. Metal storage
    16. Advanced Construction BotT2 con botfor Pond
    17. Wind
    18. Solar
    19. Wind ×3
    20. Bot LabBot Labdone 10:01
    21. TickTick ×2
    22. Con turret
    23. TickTick
    24. Con turret
    25. TickTick ×2
    26. Construction BotCon bot ×5
    27. Wind
    28. Construction BotCon bot
    29. Wind
    30. Construction BotCon bot
    31. Wind ×2
    32. Construction BotCon bot
    33. Wind ×3
    34. Construction BotCon bot
    35. Wind ×2
    36. Construction BotCon bot
    37. Con turret
    38. Wind ×2
    39. Con turret
    40. Wind
    41. Con turret
    42. Wind ×4
    43. Advanced Bot LabAdvanced Bot Lab ×2not finished by 15:00
    44. Wind ×6
    45. Con turret
    46. Advanced Construction BotT2 con bot
    47. Wind ×6
    48. Fusion ReactorFusiondone 12:54
    49. Wind ×6
    50. Con turret
    51. Wind ×3
    52. Con turret
    53. Wind ×2
    54. Converter
    55. Wind
    56. Converter
    57. Fusion ReactorFusion
    58. Wind ×5
    59. Converter
    60. Wind ×3
    61. Converter ×2
    62. Wind ×2
    63. Converter ×2
    64. Wind
    65. Converter ×2
    66. Wind ×2
    67. T2 converter
    68. Converter ×2
    69. Wind
    70. Converter
    71. Wind ×2
    72. Converter ×2
    73. Wind
    74. Converter
    75. Wind
    76. Converter
    77. Wind ×2
    78. Converter
    79. Wind ×2
    80. Converter ×2
    81. Wind ×3
    82. Converter
    83. Wind ×3
    84. Converter ×2
    85. Wind
    86. Converter
    87. Wind ×3
    88. Converter
    89. Aircraft PlantAircraft Plantdone 14:05
    90. Wind ×2
    91. Converter
    92. Construction AircraftCon aircraft
    93. Wind ×3
    94. Converter
    95. Wind ×2
    96. Advanced Aircraft PlantAdvanced Aircraft Plantdone 14:34
    97. Wind
    98. Converter
    99. Wind ×2
    100. Converter
    101. Wind ×3
    102. Converter
    103. Wind ×2
    104. LicheLichenot finished by 15:00
    105. Wind ×4
    106. Converter ×2
    107. Wind ×2
    108. Converter ×2
    109. Wind ×4
    110. Converter

Counts are medians over the build's games: half of them build more, half fewer. The example game is Immort's (57 OS, 28/09/2026); pick another.

Team trades

IN AT LEAST 30% OF ITS GAMES

You hand over

  • Construction Bot1 Con bot to Airfirst at 2:22 · in 88% of games
  • Advanced Construction Bot5 T2 con bot to Air or Pond or Geo seafirst at 4:46 · in 99% of games
  • Sharpshooter2 Sniper bot to Pondfirst at 5:21 · in 33% of games
  • Butler2 Butler to Geo sea or Beach sea or Pondfirst at 9:04 · in 42% of games

You get

  • Hercules1 Light transport from Airfirst at 4:00 · in 86% of games

How it plays out

Typical game of this build, running totals by minute

Metal produced

020k40k
0:005:0010:0015:00

metal

Enemy metal destroyed

0200400
0:005:0010:0015:00

metal

Own metal lost

0100200300
0:005:0010:0015:00

metal

882 games.

Show as table
ByMetal produced: This buildEnemy metal destroyed: This buildOwn metal lost: This build
1:0038300
2:0091500
3:00164400
4:00315200
5:00486600
6:00581100
7:00723300
8:00907900
9:001125300
10:001358400
11:001641600
12:001998800
13:002377500
14:002754990108
15:0031616324206
WHAT THE NUMBERS SAY

This is the role's baseline and wins slightly more than half its games with a huge metal lead but almost no kills, showing its value is economic not combat.

  • + Produces 31389 metal by 15:00, far above other roles.
  • + Reaches T2 lab and constructor by 4:15-4:33 almost every game.
  • − Barely destroys any enemy metal (400 by 15:00), no combat presence.
  • − Fusion Reactor and anti-nuke only land in 44% of games.
THE EXAMPLE YOU ARE READING

Immort

56.7 OS · 28/09/2026

Open source match ↗

2 received units
1837 metal received · 41821 energy received

Allied construction assistance is unknown. Timings are observations, not a promise of solo reproducibility.

Typical milestones

Bot Lab1:17Middle 50%: 1:13–1:32 · n=882
Advanced Bot Lab4:15Middle 50%: 4:04–4:27 · n=876
Advanced Metal Extractor5:29Middle 50%: 5:06–5:58 · n=880

Played most by

Amrissa100games of this buildSyphos39games of this buildKOT_38games of this buildAdeus34games of this buildTeaner33games of this build